 Dungeon Crawl Stone Soup version 0.30.1-11-g7821555f0a (webtiles) character file.

Game seed: 9111494772430655615

53 Peloso the Shield-Bearer (level 3, 33/33 HPs)
             Began as a Minotaur Fighter on Dec 15, 2023.
             Got out of the dungeon alive.
             The game lasted 00:01:49 (916 turns).

Peloso the Shield-Bearer (Minotaur Fighter)          Turns: 916, Time: 00:01:49

Health: 33/33      AC:  7    Str: 24    XL:     3   Next: 64%
Magic:  2/2        EV:  9    Int:  4    God:
Gold:   44         SH:  4    Dex: 10    Spells: 2/2 levels left

rFire   . . .        a - +0 long sword
rCold   . . .        c - +0 buckler
rNeg    . . .        b - +0 scale mail
rPois   .            (helmet restricted)
rElec   .            (no cloak)
rCorr   .            (no gloves)
SInv    .            (no boots)
Will    .....        (no amulet) Stlth
                     (no ring)
HPRegen 0.25/turn    (no ring)
MPRegen 0.08/turn

%: no passive effects
@: no status effects
A: horns 2, retaliatory headbutt, hooves 1, strong 1, wild magic 1
a: no special abilities


You escaped.
You visited 1 branch of the dungeon, and saw 1 of its levels.

You collected 44 gold pieces.

Inventory:

Hand Weapons
 a - a +0 long sword (weapon)
Armour
 b - a +0 scale mail (worn)
 c - a +0 buckler (worn)
Scrolls
 f - a scroll of vulnerability {unknown}
 g - a scroll of enchant armour {unknown}
 j - a scroll of immolation {unknown}
 m - a scroll of magic mapping {unknown}
Potions
 d - a potion of might
 n - a potion of curing {unknown}


   Skills:
 + Level 4.1 Fighting
 + Level 3.2 Long Blades
 + Level 4.1 Armour
 + Level 0.4 Dodging
 + Level 4.2 Shields


You had 2 spell levels left.
You didn't know any spells.
Your spell library was empty.

Dungeon Overview and Level Annotations

Branches:
Dungeon (1/15)

Altars:
Fedhas


Innate Abilities, Weirdness & Mutations

You have a pair of horns on your head.
You reflexively headbutt those who attack you in melee.
You have large cloven feet.
Your muscles are strong. (Str +4, Int/Dex -1)
Your spells are a little harder to cast, but a little more powerful.


Message History

You enter the shallow water.
Moving in this stuff is going to be slow.
Found a blossoming altar of Fedhas.
You enter the shallow water.
Moving in this stuff is going to be slow.
You enter the shallow water.
Moving in this stuff is going to be slow.
Partly explored, can't reach some places.
Partly explored, can't reach some places.
Partly explored, can't reach some places.
Partly explored, can't reach some places.
It was a potion of magic.
Magic courses through your body.
It was a potion of resistance.
You feel protected.
It was a potion of attraction.
You feel attractive to monsters.
It was a potion of lignification.
You turn into a tree.
Your +0 scale mail melds into your body.
Your roots penetrate the ground.
It was a potion of mutation.
You feel extremely strange.
You feel stronger.
You feel less in control of your magic.
Your feet thicken and deform.
You start resting.
Your transformation is almost over.
You feel less attractive to monsters.
You start resting.
HP restored.
You feel less wooden.
Your +0 scale mail unmelds from your body.
You start waiting.
You start to feel less resistant.
You start waiting.
Your resistance to elements expires.
Okay, then.
(D) Dungeon
Where to? (? - help)
What level of the Dungeon? (default 1, ? - help)
There is a staircase leading out of the dungeon here.
Are you sure you want to leave the Dungeon?
This will make you lose the game!
You have escaped!

~~≈≈≈≈≈≈≈≈≈≈≈~.#
_~≈≈≈≈≈≈≈≈≈~...#
#≈~≈≈≈≈≈≈≈≈≈~..###
#≈≈≈≈≈≈≈≈≈≈~~..# ###
#≈≈≈≈≈≈≈≈≈≈~...##### ####..
#≈≈≈≈≈≈≈≈≈≈~...#...# #....#
#≈≈≈≈≈≈≈≈≈~....#...######.####
#≈≈≈≈≈≈≈≈~≈.##.#..............
#≈≈≈≈≈≈≈≈~..#@.#...######.####
#≈≈≈≈≈~≈~......#.....#.......#
#≈~≈≈~~.....#......#.#...###.#
##~..........#....#.#.........#
#.................#.....#######
#...........######..#.#.# #
###########.......>.#.#.# #
##'######..#.#.# #
####...#####..#.#.# #


There were no monsters in sight!

Vanquished Creatures
  6 dart slugs (D:1)
  A ball python (D:1)
  2 bats (D:1)
  5 endoplasms (D:1)
  3 giant cockroaches (D:1)
  5 hobgoblins (D:1)
  3 jackals (D:1)
  A frilled lizard (D:1)
  4 goblins (D:1)
  7 rats (D:1)
37 creatures vanquished.

Notes
Turn   | Place    | Note
-------+----------+-------------------------------------------
     0 | D:1      | Peloso the Minotaur Fighter began the quest for the Orb.
     0 | D:1      | Reached XP level 1. HP: 19/19 MP: 0/0
   154 | D:1      | Reached XP level 2. HP: 26/27 MP: 1/1
   338 | D:1      | Reached XP level 3. HP: 20/33 MP: 2/2
   842 | D:1      | Found a blossoming altar of Fedhas.
   855 | D:1      | Gained mutation: Your muscles are strong. (Str +4, Int/Dex
                  | -1) [potion of mutation]
   855 | D:1      | Gained mutation: Your spells are a little harder to cast,
                  | but a little more powerful. [potion of mutation]
   855 | D:1      | Gained mutation: You have large cloven feet. [potion of
                  | mutation]
   916 | D:$      | Got out of the dungeon alive.

Illustrated notes

Levels and vault maps discovered:
D:1:      dpeg_arrival_water_altar, layout_basic, minmay_tripent

Skill      XL: |  1  2  3 |
---------------+----------+-----
Fighting       | 4 |  4.1
Shields        | 4 |  4.2
Armour         | 4 |  4.1
Long Blades    | 3 |  3.2
Dodging        | |  0.4

Action                     || total
---------------------------++-------
  Melee: Long sword        ||    75
         Headbutt          ||     8
    Use: Potion            ||     5
 Armour: Scale mail        ||    55
  Dodge: Dodged            ||    57
  Block: Buckler           ||    21
